[Event "EYCC Girls-U18 2019"]
[Site "Bratislava"]
[Date "2019.08.02"]
[Round "1.21"]
[White "Kouta, Antonia"]
[Black "Palma, Maria"]
[Result "0-1"]
[ECO "B58"]
[WhiteElo "1762"]
[BlackElo "2137"]
[Annotator "NA"]
[PlyCount "96"]
[EventDate "2019.08.02"]
[EventType "swiss"]
[EventCountry "SVK"]
[SourceTitle "playchess.com"]
[Source "ChessBase"]
[SourceQuality "1"]
[TimeControl "40/5400+30:1800+30"]

1. e4 c5 2. Nf3 Nc6 3. d4 cxd4 4. Nxd4 Nf6 5. Nc3 d6 6. Be2 g6 7. Be3 Bg7 8. f3 O-O 9. Qd2 d5 10. O-O-O dxe4 11. Nxc6 Qxd2+ 12. Bxd2 bxc6 13. fxe4 Be6 14. h3 Rfb8 15. b3 a5 16. Bf3 Nd7 17. Na4 c5 18. c4 Bd4 19. Bc3 Bxc3 20. Nxc3 Nb6 21. a4 Nd7 22. Kc2 Ne5 23. Be2 Nc6 24. Nb5 Rf8 25. Bf3 Rac8 26. Rd2 Ne5 27. Be2 f5 28. exf5 Bxf5+ 29. Kc3 Nc6 30. Bf3 Rf6 31. Bd5+ Kf8 32. Bxc6 Rcxc6 33. Rd8+ Kg7 34. Rhd1 Rfe6 35. R1d2 Re3+ 36. Kb2 Rg3 37. Nc3 Re6 38. Nd5 Re1 39. Rb8 e6 40. Rb7+ Kh6 41. Nf6 Kg5 42. Nd7 e5 43. Nxc5 e4 44. Nxe4+ Bxe4 45. Rb6 Kf4 46. c5 Ke3 47. Rbd6 Rb1+ 48. Ka2 Rc1 0-1

[Event "EYCC Girls-U18 2019"]
[Site "Bratislava"]
[Date "2019.08.02"]
[Round "1.22"]
[White "Ferkova, Dominika"]
[Black "Kindler, Karolina"]
[Result "1-0"]
[ECO "D52"]
[WhiteElo "2009"]
[BlackElo "1709"]
[Annotator "NA"]
[PlyCount "93"]
[EventDate "2019.08.02"]
[EventType "swiss"]
[EventCountry "SVK"]
[SourceTitle "playchess.com"]
[Source "ChessBase"]
[SourceQuality "1"]
[TimeControl "40/5400+30:1800+30"]

1. d4 d5 2. c4 e6 3. Nc3 Nf6 4. Nf3 c6 5. Bg5 Nbd7 6. e3 Qa5 7. Bxf6 Nxf6 8. Nd2 Bb4 9. Qc2 O-O 10. Be2 Re8 11. O-O e5 12. dxe5 Bxc3 13. Nb3 Qc7 14. exf6 Bxf6 15. cxd5 Be5 16. h3 cxd5 17. Qxc7 Bxc7 18. Bf3 Be6 19. Rfd1 Red8 20. Rd2 Be5 21. Rad1 b6 22. e4 d4 23. Nxd4 Bxa2 24. Nc6 Rxd2 25. Rxd2 Bf4 26. Rd7 a6 27. e5 Re8 28. Rb7 Bc4 29. g3 Bc1 30. Rxb6 Bb5 31. Nb8 Rxe5 32. Nxa6 g6 33. Nc7 Re1+ 34. Kh2 Be2 35. Rb8+ Kg7 36. Bd5 Bf1 37. Bg2 Bxg2 38. Kxg2 Re2 39. b4 Be3 40. Kf3 Ba7 41. Kxe2 Bxb8 42. Nd5 f5 43. Kd3 Ba7 44. f4 Kf7 45. b5 Ke6 46. b6 Bb8 47. Nc7+ {[%emt 0:00:33] Kd5 Ke4+} 1-0

[Event "EYCC Girls-U18 2019"]
[Site "Bratislava"]
[Date "2019.08.02"]
[Round "1.23"]
[White "Mocanu, Valeria"]
[Black "Rudzinska, Michalina"]
[Result "1-0"]
[ECO "B42"]
[WhiteElo "1769"]
[BlackElo "2143"]
[Annotator "NA"]
[PlyCount "99"]
[EventDate "2019.08.02"]
[EventType "swiss"]
[EventCountry "SVK"]
[SourceTitle "playchess.com"]
[Source "ChessBase"]
[SourceQuality "1"]
[TimeControl "40/5400+30:1800+30"]

1. e4 c5 2. Nf3 e6 3. d4 cxd4 4. Nxd4 a6 5. Bd3 Qc7 6. c4 Nf6 7. Be3 d6 8. h3 Be7 9. Nc3 Nbd7 10. Qd2 O-O 11. O-O b6 12. a4 Bb7 13. a5 bxa5 14. Nb3 Ne5 15. Nxa5 Rfc8 16. Rfc1 Nfd7 17. b4 Bf6 18. Rab1 Nxd3 19. Qxd3 Ne5 20. Qe2 Qd7 21. Nxb7 Qxb7 22. Na4 Rab8 23. f3 Qe7 24. Nb6 Rc6 25. c5 dxc5 26. bxc5 Ng6 27. Qxa6 Be5 28. Qa4 Qc7 29. Nd5 Qc8 30. Nb4 Rxb4 31. Qxb4 Nf4 32. Bxf4 Bxf4 33. Qb7 h6 34. Qxc8+ Rxc8 35. Rc3 Rxc5 36. Rxc5 Be3+ 37. Kf1 Bxc5 38. Rb8+ Kh7 39. Ke2 Kg6 40. Rb5 Bg1 41. f4 Kf6 42. h4 Bd4 43. Kf3 g6 44. g4 Bc3 45. h5 Bd2 46. g5+ Kg7 47. gxh6+ Kxh6 48. Rb7 f6 49. hxg6 Kxg6 50. Re7 1-0

[Event "EYCC Girls-U18 2019"]
[Site "Bratislava"]
[Date "2019.08.02"]
[Round "1.24"]
[White "Redondo Benavente, Ana"]
[Black "Kulpa, Zuzanna"]
[Result "1-0"]
[ECO "B52"]
[WhiteElo "2176"]
[BlackElo "1802"]
[Annotator "NA"]
[PlyCount "99"]
[EventDate "2019.08.02"]
[EventType "swiss"]
[EventCountry "SVK"]
[SourceTitle "playchess.com"]
[Source "ChessBase"]
[SourceQuality "1"]
[TimeControl "40/5400+30:1800+30"]

1. e4 c5 2. Nf3 d6 3. Bb5+ Bd7 4. Bxd7+ Nxd7 5. c4 Ngf6 6. Nc3 Ne5 7. O-O e6 8. Ne1 Be7 9. f4 Nc6 10. Nf3 O-O 11. Kh1 d5 12. e5 Ne4 13. Qe2 Nxc3 14. dxc3 dxc4 15. Qxc4 Qd5 16. Qe2 Rad8 17. Be3 Qd3 18. Qf2 b6 19. Rae1 Rd5 20. g4 f6 21. exf6 Bxf6 22. Qg2 Bd8 23. Bc1 Qg6 24. Nd2 h5 25. g5 Bc7 26. c4 Rd6 27. Ne4 Rd4 28. Nf6+ gxf6 29. Qxc6 Bd8 30. Qxe6+ Qf7 31. g6 Qxe6 32. Rxe6 f5 33. b3 Rd7 34. Bb2 Bh4 35. Be5 Rfd8 36. Kg2 Rd3 37. Rc6 Be7 38. Re6 Bf8 39. Rf2 Bg7 40. Bc7 Rf8 41. Be5 Rd7 42. Kh3 Rd3+ 43. Kh4 Rfd8 44. Bxg7 Kxg7 45. Kxh5 Rf8 46. Kg5 Kg8 47. h4 Rg3+ 48. Kh6 Rh3 49. h5 Rg3 50. Rfe2 1-0

[Event "EYCC Girls-U18 2019"]
[Site "Bratislava"]
[Date "2019.08.04"]
[Round "3.1"]
[White "Nilssen, Ellen Fredericia"]
[Black "Badelka, Olga"]
[Result "1/2-1/2"]
[ECO "A38"]
[WhiteElo "2155"]
[BlackElo "2386"]
[Annotator "NA"]
[PlyCount "119"]
[EventDate "2019.08.02"]
[EventType "swiss"]
[EventCountry "SVK"]
[SourceTitle "playchess.com"]
[Source "ChessBase"]
[SourceQuality "1"]
[TimeControl "40/5400+30:1800+30"]

1. c4 Nf6 2. g3 c5 3. Nc3 Nc6 4. Bg2 g6 5. Nf3 Bg7 6. O-O d6 7. d4 cxd4 8. Nxd4 Bd7 9. Nb3 b6 10. a4 Rc8 11. Nd2 Na5 12. b3 d5 13. Bb2 dxc4 14. b4 Nc6 15. Nd5 Be6 16. Nf4 Nxb4 17. Nxe6 fxe6 18. Rc1 Bh6 19. Rxc4 Nbd5 20. Bh3 Bxd2 21. Rxc8 Qxc8 22. Qxd2 Rf8 23. e4 Nc7 24. Qc2 Qb7 25. Rc1 Na6 26. Qc8+ Qxc8 27. Rxc8+ Kf7 28. Bxe6+ Kg7 29. a5 Rxc8 30. Bxc8 Nc5 31. axb6 axb6 32. f3 Kf7 33. Bh3 g5 34. Bf1 Ne8 35. Bd4 Nc7 36. Kf2 N7e6 37. Bc4 b5 38. Bxc5 bxc4 39. Bb4 Nd4 40. Bc5 Nb3 41. Bb4 Nc1 42. Ke3 Nd3 43. Ba5 e5 44. Bd8 Kg6 45. Bc7 h6 46. f4 gxf4+ 47. gxf4 exf4+ 48. Bxf4 Nxf4 49. Kxf4 Kf6 50. e5+ Ke6 51. Ke4 c3 52. Kd3 Kxe5 53. Kxc3 Kf4 54. Kd2 Kf3 55. Ke1 Kg2 56. Ke2 h5 57. Ke1 h4 58. Ke2 h3 59. Ke1 Kxh2 60. Kf2 1/2-1/2

[Event "EYCC Girls-U18 2019"]
[Site "Bratislava"]
[Date "2019.08.04"]
[Round "3.2"]
[White "Afonasieva, Anna"]
[Black "Maksimovic, Masa"]
[Result "1-0"]
[ECO "D70"]
[WhiteElo "2370"]
[BlackElo "2102"]
[Annotator "NA"]
[PlyCount "163"]
[EventDate "2019.08.02"]
[EventType "swiss"]
[EventCountry "SVK"]
[SourceTitle "playchess.com"]
[Source "ChessBase"]
[SourceQuality "1"]
[TimeControl "40/5400+30:1800+30"]

1. d4 Nf6 2. c4 g6 3. Nf3 Bg7 4. g3 O-O 5. Bg2 d6 6. O-O Nbd7 7. Qc2 e5 8. Rd1 Qe7 9. Nc3 Re8 10. b3 Nf8 11. h3 h6 12. e4 exd4 13. Nxd4 c6 14. Ba3 N8d7 15. Rd2 Nc5 16. Re1 Nfd7 17. b4 Ne6 18. Nce2 Nxd4 19. Nxd4 Nb6 20. Red1 Be6 21. Bf1 Rad8 22. Nxe6 Qxe6 23. c5 Nc8 24. b5 Qxe4 25. Qxe4 Rxe4 26. bxc6 bxc6 27. cxd6 Bf8 28. Bg2 Rc4 29. Re2 Nb6 30. Rde1 c5 31. Re7 Rxd6 32. Rxa7 Ra4 33. Rxa4 Nxa4 34. Bf1 Rd2 35. Re4 Rxa2 36. Rxa4 c4 37. Bxf8 Rxa4 38. Bxh6 c3 39. Bd3 Ra5 40. Be3 Rd5 41. Bc2 Kf8 42. Kg2 Ke7 43. Kf3 Kd7 44. Ke4 Rh5 45. h4 Ke7 46. Kd4 Ra5 47. Kxc3 f5 48. Bb3 Rb5 49. Bc4 Ra5 50. Kd4 Kf6 51. Bg5+ Kg7 52. Bd5 Rb5 53. Ke5 Ra5 54. Be3 Rb5 55. Ke6 Ra5 56. Bf3 Rb5 57. Bd4+ Kh6 58. Kf6 Ra5 59. Be3+ Kh7 60. Kg5 Kg7 61. Bf4 Ra2 62. Be5+ Kh7 63. h5 gxh5 64. Bxh5 Rxf2 65. Kf6 Rf1 66. Bg6+ Kg8 67. Bxf5 Rg1 68. g4 Rg2 69. g5 Rg1 70. Bd6 Rg2 71. Bc5 Rg3 72. Kg6 Rxg5+ 73. Kxg5 Kf7 74. Bd7 Kg7 75. Be6 Kh7 76. Bf8 Kh8 77. Kf6 Kh7 78. Bf7 Kh8 79. Bd5 Kh7 80. Kf7 Kh8 81. Bg7+ Kh7 82. Be4# 1-0

[Event "EYCC Girls-U18 2019"]
[Site "Bratislava"]
[Date "2019.08.04"]
[Round "3.3"]
[White "Beydullayeva, Govhar"]
[Black "Ciocan, Maria-Alexandra"]
[Result "1-0"]
[ECO "E62"]
[WhiteElo "2282"]
[BlackElo "2062"]
[Annotator "NA"]
[PlyCount "65"]
[EventDate "2019.08.02"]
[EventType "swiss"]
[EventCountry "SVK"]
[SourceTitle "playchess.com"]
[Source "ChessBase"]
[SourceQuality "1"]
[TimeControl "40/5400+30:1800+30"]

1. d4 Nf6 2. Nf3 g6 3. c4 Bg7 4. g3 O-O 5. Bg2 d6 6. Nc3 c6 7. O-O Qa5 8. e4 e5 9. h3 Nbd7 10. Qc2 exd4 11. Nxd4 Ne5 12. b3 Qb6 13. Be3 c5 14. Nde2 a6 15. Rad1 Qc7 16. f4 Nc6 17. Rd2 Re8 18. Rfd1 Nh5 19. Nd5 Qa5 20. g4 Nf6 21. Nxf6+ Bxf6 22. Rxd6 Nb4 23. Qb1 Be7 24. R6d2 b5 25. e5 Rb8 26. Qc1 bxc4 27. bxc4 Qc7 28. Nc3 Bh4 29. a3 Nc6 30. Nd5 Qb7 31. g5 Re6 32. Nf6+ Kg7 33. Rd8 1-0

[Event "EYCC Girls-U18 2019"]
[Site "Bratislava"]
[Date "2019.08.04"]
[Round "3.4"]
[White "Cramling Bellon, Anna"]
[Black "Antova, Gabriela"]
[Result "1/2-1/2"]
[ECO "A06"]
[WhiteElo "2030"]
[BlackElo "2257"]
[Annotator "NA"]
[PlyCount "61"]
[EventDate "2019.08.02"]
[EventType "swiss"]
[EventCountry "SVK"]
[SourceTitle "playchess.com"]
[Source "ChessBase"]
[SourceQuality "1"]
[TimeControl "40/5400+30:1800+30"]

1. Nf3 d5 2. b3 Nf6 3. Bb2 g6 4. e3 Bg7 5. d4 O-O 6. Nbd2 b6 7. c4 Bb7 8. Be2 Nbd7 9. O-O c5 10. Qc2 Rc8 11. dxc5 Nxc5 12. Rad1 Qe8 13. Qb1 dxc4 14. Nxc4 Qc6 15. Nce5 Qe4 16. Qa1 Qf5 17. Ne1 Rcd8 18. f4 Rxd1 19. Qxd1 Nce4 20. N1f3 Qc8 21. Bc4 Nd6 22. Bd3 Nfe4 23. Qa1 Nf5 24. Rc1 Qd8 25. Bd4 Nxd4 26. Qxd4 Nc5 27. Bc4 e6 28. Rd1 Qxd4 29. Rxd4 Bf6 30. b4 Na6 31. a3 1/2-1/2

[Event "EYCC Girls-U18 2019"]
[Site "Bratislava"]
[Date "2019.08.04"]
[Round "3.5"]
[White "Sliwicka, Alicja"]
[Black "Sibajeva, Marija"]
[Result "1-0"]
[ECO "B42"]
[WhiteElo "2261"]
[BlackElo "2031"]
[Annotator "NA"]
[PlyCount "97"]
[EventDate "2019.08.02"]
[EventType "swiss"]
[EventCountry "SVK"]
[SourceTitle "playchess.com"]
[Source "ChessBase"]
[SourceQuality "1"]
[TimeControl "40/5400+30:1800+30"]

1. e4 c5 2. Nf3 e6 3. d4 cxd4 4. Nxd4 a6 5. Bd3 Nf6 6. O-O Qc7 7. Kh1 d6 8. f4 Nc6 9. Nb3 Be7 10. Nc3 b5 11. Qf3 Bb7 12. Bd2 O-O 13. Qh3 Nb4 14. Nxb5 axb5 15. Bxb4 Bxe4 16. Nd4 Bc6 17. Bc3 g6 18. Nxb5 Bxb5 19. Bxb5 Ne4 20. Bd4 Qxc2 21. Rac1 Qd2 22. Rcd1 Qc2 23. Qe3 d5 24. Bd3 Qc6 25. Rc1 Qb7 26. Bxe4 dxe4 27. a3 f5 28. b4 Bf6 29. Bxf6 Rxf6 30. Rc3 Rf7 31. Rfc1 Rd7 32. h3 Kf7 33. Qc5 Qd5 34. Qe3 Raa7 35. Rc8 Qd4 36. Qxd4 Rxd4 37. b5 e3 38. b6 Rb7 39. R8c7+ Rd7 40. Rxd7+ Rxd7 41. Kg1 Rd2 42. b7 e2 43. Kf2 Rb2 44. Rc7+ Kf6 45. a4 e5 46. a5 e4 47. Rc6+ Ke7 48. Rb6 e3+ 49. Ke1 1-0

[Event "EYCC Girls-U18 2019"]
[Site "Bratislava"]
[Date "2019.08.04"]
[Round "3.6"]
[White "Schneider, Jana"]
[Black "Olde, Grete"]
[Result "1-0"]
[ECO "C54"]
[WhiteElo "2216"]
[BlackElo "1955"]
[Annotator "NA"]
[PlyCount "67"]
[EventDate "2019.08.02"]
[EventType "swiss"]
[EventCountry "SVK"]
[SourceTitle "playchess.com"]
[Source "ChessBase"]
[SourceQuality "1"]
[TimeControl "40/5400+30:1800+30"]

1. e4 e5 2. Nf3 Nc6 3. Bc4 Bc5 4. c3 Nf6 5. d3 d6 6. Bb3 a6 7. Nbd2 O-O 8. h3 h6 9. Nf1 Ne7 10. Ng3 Ng6 11. O-O Be6 12. d4 Bxb3 13. Qxb3 Bb6 14. Re1 Re8 15. Bd2 c6 16. Rad1 Qc7 17. Qc2 d5 18. exd5 exd4 19. Nf5 Nxd5 20. c4 d3 21. Qxd3 Ndf4 22. Qc3 f6 23. c5 Ba7 24. Qc4+ Nd5 25. b4 b6 26. Qg4 Kh7 27. Rxe8 Rxe8 28. Qh5 Ndf4 29. Bxf4 Qxf4 30. g3 Qc7 31. N3h4 Nxh4 32. Qxe8 Nxf5 33. Rd7 Qb8 34. Qe4 1-0

[Event "EYCC Girls-U18 2019"]
[Site "Bratislava"]
[Date "2019.08.04"]
[Round "3.7"]
[White "Kucharska, Honorata"]
[Black "Goltseva, Ekaterina"]
[Result "1/2-1/2"]
[ECO "A06"]
[WhiteElo "2054"]
[BlackElo "2304"]
[Annotator "NA"]
[PlyCount "135"]
[EventDate "2019.08.02"]
[EventType "swiss"]
[EventCountry "SVK"]
[SourceTitle "playchess.com"]
[Source "ChessBase"]
[SourceQuality "1"]
[TimeControl "40/5400+30:1800+30"]

1. Nf3 d5 2. e3 Nf6 3. c4 e6 4. b3 c5 5. Bb2 Nc6 6. cxd5 exd5 7. Be2 Bd6 8. O-O O-O 9. d4 cxd4 10. Nxd4 a6 11. Nc3 Bc7 12. Ba3 Re8 13. Nxc6 bxc6 14. Rc1 Bf5 15. Bf3 Rc8 16. Bc5 Nd7 17. Na4 Ne5 18. Be2 Qh4 19. f4 Ng4 20. Bxg4 Bxg4 21. Qe1 Qh5 22. Qf2 Re6 23. g3 Bd8 24. Bd4 Bf6 25. Nc5 Re7 26. Bxf6 gxf6 27. Rfe1 Rce8 28. b4 d4 29. e4 d3 30. Qd4 Be2 31. Nd7 Rxd7 32. Qxd7 Rxe4 33. Rxc6 Kg7 34. Qd8 Rxf4 35. Rc8 Rg4 36. Qh8+ Kg6 37. Rg8+ Kf5 38. Rxg4 Kxg4 39. Qxf6 Qd5 40. Qh4+ Kf5 41. Qxh7+ Ke6 42. Qh6+ Kd7 43. Qe3 d2 44. Qxe2 Qd4+ 45. Kf1 Qf6+ 46. Qf2 dxe1=Q+ 47. Kxe1 Qa1+ 48. Ke2 Qxa2+ 49. Kf1 Qc4+ 50. Kg1 Qc1+ 51. Kg2 Qc6+ 52. Qf3 Qc2+ 53. Kg1 Qc1+ 54. Kf2 Qd2+ 55. Qe2 Qxb4 56. Qxa6 Qc5+ 57. Kf1 Qf5+ 58. Kg2 Qd5+ 59. Kg1 Qd4+ 60. Kf1 Qd1+ 61. Kf2 Qd4+ 62. Kf3 Qd5+ 63. Kg4 Qe4+ 64. Kh5 Qe5+ 65. Kg4 Qe4+ 66. Kh3 Qh7+ 67. Kg2 Qe4+ 68. Kh3 1/2-1/2

[Event "EYCC Girls-U18 2019"]
[Site "Bratislava"]
[Date "2019.08.04"]
[Round "3.8"]
[White "Koubova, Anna Marie"]
[Black "Nazarova, Anastasia"]
[Result "0-1"]
[ECO "E62"]
[WhiteElo "2094"]
[BlackElo "2149"]
[Annotator "NA"]
[PlyCount "56"]
[EventDate "2019.08.02"]
[EventType "swiss"]
[EventCountry "SVK"]
[SourceTitle "playchess.com"]
[Source "ChessBase"]
[SourceQuality "1"]
[TimeControl "40/5400+30:1800+30"]

1. d4 Nf6 2. c4 g6 3. g3 Bg7 4. Bg2 O-O 5. Nc3 d6 6. Nf3 c6 7. O-O Bf5 8. Re1 Ne4 9. Nh4 Nxc3 10. bxc3 Be6 11. Qd3 Qa5 12. Nf3 Qa4 13. Nd2 Nd7 14. Rb1 Rab8 15. Rb4 Qa6 16. e4 Rfc8 17. Rb2 Nb6 18. Bf1 Na4 19. Rb3 Qa5 20. Ba3 b5 21. Bb4 Qc7 22. d5 cxd5 23. exd5 Bf5 24. Qe3 a5 25. Ba3 Nxc3 26. cxb5 a4 27. Rb2 Nxd5 28. Qf3 Qc3 0-1

[Event "EYCC Girls-U18 2019"]
[Site "Bratislava"]
[Date "2019.08.04"]
[Round "3.9"]
[White "Mocanu, Valeria"]
[Black "Radeva, Viktoria"]
[Result "0-1"]
[ECO "B40"]
[WhiteElo "1769"]
[BlackElo "2247"]
[Annotator "NA"]
[PlyCount "92"]
[EventDate "2019.08.02"]
[EventType "swiss"]
[EventCountry "SVK"]
[SourceTitle "playchess.com"]
[Source "ChessBase"]
[SourceQuality "1"]
[TimeControl "40/5400+30:1800+30"]

1. e4 c5 2. Nf3 e6 3. d4 cxd4 4. Nxd4 Nf6 5. Bd3 Nc6 6. Nxc6 bxc6 7. O-O d5 8. Nd2 Be7 9. b3 O-O 10. Bb2 Bb7 11. Qe2 a5 12. a4 Qb6 13. Kh1 Ba6 14. Bxa6 Qxa6 15. Qf3 Rfd8 16. e5 Nd7 17. Qg4 Bb4 18. Rad1 Bxd2 19. f4 Nf8 20. f5 Bh6 21. f6 Ng6 22. h4 d4 23. Bc1 Bxc1 24. Rxc1 h5 25. Qxh5 d3 26. c4 Rd4 27. g3 c5 28. fxg7 Qb7+ 29. Kh2 Re4 30. Rf2 Rxe5 31. Qd1 Re3 32. Qd2 Qe4 33. Rcf1 Ne5 34. Kh3 Qg4+ 35. Kh2 Qxg3+ 36. Kh1 Qh3+ 37. Kg1 Rg3+ 38. Rg2 Rxg2+ 39. Qxg2 Qxg2+ 40. Kxg2 Kxg7 41. Re1 f6 42. Kf2 Rb8 43. Rb1 Kf7 44. Ke3 Rg8 45. Rb2 Rg3+ 46. Ke4 Rg4+ {[%emt 0:00:13] Kd4} 0-1

[Event "EYCC Girls-U18 2019"]
[Site "Bratislava"]
[Date "2019.08.04"]
[Round "3.10"]
[White "Urh, Zala"]
[Black "Kochukova, Anna"]
[Result "0-1"]
[ECO "E32"]
[WhiteElo "2072"]
[BlackElo "2148"]
[Annotator "NA"]
[PlyCount "84"]
[EventDate "2019.08.02"]
[EventType "swiss"]
[EventCountry "SVK"]
[SourceTitle "playchess.com"]
[Source "ChessBase"]
[SourceQuality "1"]
[TimeControl "40/5400+30:1800+30"]

1. d4 Nf6 2. c4 e6 3. Nc3 Bb4 4. Qc2 O-O 5. a3 Bxc3+ 6. Qxc3 b6 7. Bg5 Bb7 8. e3 d6 9. Ne2 Nbd7 10. Qc2 c5 11. Rd1 Qe7 12. Nc3 h6 13. Bh4 cxd4 14. Rxd4 Ne5 15. f3 Rac8 16. Be2 Ng6 17. Bf2 d5 18. O-O e5 19. Rd2 dxc4 20. Nb5 Ba6 21. Nd6 Rc6 22. Rfd1 Qc7 23. Ne4 Nxe4 24. Qxe4 Bc8 25. g4 Be6 26. Bg3 c3 27. bxc3 Rxc3 28. f4 f5 29. gxf5 Bxf5 30. Qd5+ Qf7 31. Qd6 e4 32. Rd4 Rfc8 33. Bf2 Kh7 34. a4 Rc2 35. Bb5 Bg4 36. Ra1 Rc1+ 37. Rxc1 Rxc1+ 38. Kg2 Bf3+ 39. Kg3 Ne7 40. Bd7 Nf5+ 41. Bxf5+ Qxf5 42. h3 Rh1 0-1

[Event "EYCC Girls-U18 2019"]
[Site "Bratislava"]
[Date "2019.08.04"]
[Round "3.11"]
[White "Ferkova, Dominika"]
[Black "Kocyigit, Buse Naz"]
[Result "1-0"]
[ECO "D86"]
[WhiteElo "2009"]
[BlackElo "2045"]
[Annotator "NA"]
[PlyCount "89"]
[EventDate "2019.08.02"]
[EventType "swiss"]
[EventCountry "SVK"]
[SourceTitle "playchess.com"]
[Source "ChessBase"]
[SourceQuality "1"]
[TimeControl "40/5400+30:1800+30"]

1. d4 Nf6 2. c4 g6 3. Nc3 d5 4. cxd5 Nxd5 5. e4 Nxc3 6. bxc3 Bg7 7. Bc4 c5 8. Ne2 O-O 9. O-O Nc6 10. Be3 Qc7 11. Rc1 Rd8 12. Bf4 Qd7 13. d5 Na5 14. Bd3 b5 15. Rb1 a6 16. Be3 Qc7 17. a4 e6 18. axb5 exd5 19. exd5 Rxd5 20. Qc2 axb5 21. Be4 Bf5 22. Bxf5 Rxf5 23. Rxb5 Rb8 24. Rxb8+ Qxb8 25. Rb1 Qc7 26. Qa4 Bf8 27. Bf4 Qd8 28. Ng3 Rd5 29. h3 Qh4 30. Rb8 Re5 31. Ra8 g5 32. Qxa5 gxf4 33. Qc7 Re1+ 34. Nf1 Kg7 35. Qb8 Be7 36. Qg8+ Kf6 37. Qh8+ Ke6 38. Ra6+ Bd6 39. Qc8+ Ke7 40. Qb7+ Ke6 41. Qb3+ Ke5 42. Qxf7 Re2 43. g3 Qg5 44. Qe8+ Be7 45. Qd7 {[%emt 0:00:23] Kd5} 1-0

[Event "EYCC Girls-U18 2019"]
[Site "Bratislava"]
[Date "2019.08.04"]
[Round "3.12"]
[White "Grigoryan, Arpine"]
[Black "Gajcin, Marina"]
[Result "1/2-1/2"]
[ECO "B31"]
[WhiteElo "1996"]
[BlackElo "2267"]
[Annotator "NA"]
[PlyCount "179"]
[EventDate "2019.08.02"]
[EventType "swiss"]
[EventCountry "SVK"]
[SourceTitle "playchess.com"]
[Source "ChessBase"]
[SourceQuality "1"]
[TimeControl "40/5400+30:1800+30"]

1. e4 c5 2. Nf3 Nc6 3. Bb5 g6 4. Bxc6 bxc6 5. O-O Bg7 6. e5 f6 7. Qe2 fxe5 8. Nxe5 d6 9. Nf3 Nf6 10. Re1 O-O 11. d4 Bg4 12. dxc5 Nd5 13. c4 Bxf3 14. gxf3 Nf4 15. Bxf4 Rxf4 16. Qe6+ Kh8 17. Nc3 dxc5 18. Qxc6 Bd4 19. Ne2 Rc8 20. Qe6 Rxf3 21. Nxd4 cxd4 22. Rad1 d3 23. Qe4 Qf8 24. Qe5+ Kg8 25. Qd5+ Kg7 26. Qd4+ Kg8 27. Rxd3 Rxd3 28. Qxd3 Rc5 29. b4 Rg5+ 30. Kf1 Rf5 31. Qe3 Qf7 32. Rc1 Rf3 33. Qxa7 Qf4 34. Rc2 Qe4 35. Re2 Qxc4 36. Qxe7 Rf7 37. Qe8+ Kg7 38. Qe5+ Kg8 39. b5 Rf5 40. Qe8+ Kg7 41. Qe7+ Kh6 42. Qe3+ Kg7 43. b6 Rb5 44. Qe7+ Kh6 45. Qf8+ Kh5 46. Qf3+ Kh6 47. b7 Rb1+ 48. Kg2 Rxb7 49. Re4 Qf7 50. Rh4+ Kg7 51. Qc3+ Kg8 52. Rc4 Qd5+ 53. f3 Re7 54. Kf2 Qe6 55. Rc8+ Kf7 56. Qc4 Qxc4 57. Rxc4 Ra7 58. a4 Ke6 59. Ke3 Kd5 60. Rb4 Kc5 61. Re4 Kb6 62. Kf4 Rf7+ 63. Kg4 Rf5 64. f4 Ra5 65. Re6+ Kc7 66. Re7+ Kd6 67. Rxh7 Ke6 68. Rb7 Rxa4 69. Kg5 Ra2 70. Rb6+ Kf7 71. Rf6+ Ke7 72. Rxg6 Rxh2 73. Ra6 Rg2+ 74. Kf5 Rb2 75. Ra7+ Kf8 76. Kg5 Rb5+ 77. f5 Rb6 78. Rh7 Ra6 79. Rb7 Rc6 80. Ra7 Rb6 81. Ra8+ Kf7 82. Rd8 Ra6 83. Rd7+ Kf8 84. Kf4 Ra4+ 85. Ke5 Ra5+ 86. Ke6 Ra6+ 87. Rd6 Rxd6+ 88. Kxd6 Kf7 89. Ke5 Ke7 90. Ke4 1/2-1/2

[Event "EYCC Girls-U18 2019"]
[Site "Bratislava"]
[Date "2019.08.04"]
[Round "3.13"]
[White "Muetsch, Annmarie"]
[Black "Koridze, Lile"]
[Result "1-0"]
[ECO "B51"]
[WhiteElo "2266"]
[BlackElo "1950"]
[Annotator "NA"]
[PlyCount "58"]
[EventDate "2019.08.02"]
[EventType "swiss"]
[EventCountry "SVK"]
[SourceTitle "playchess.com"]
[Source "ChessBase"]
[SourceQuality "1"]
[TimeControl "40/5400+30:1800+30"]

1. e4 c5 2. Nf3 d6 3. Bb5+ Nc6 4. O-O Bd7 5. Re1 a6 6. Bf1 Nf6 7. c3 Bg4 8. h3 Bxf3 9. Qxf3 g6 10. d3 Bg7 11. Be3 O-O 12. Nd2 Nd7 13. Qd1 b5 14. Nf3 b4 15. Qa4 Qc7 16. d4 bxc3 17. bxc3 Nb6 18. Qa3 Nd7 19. Rab1 Qa7 20. Qa4 Rfc8 21. Rb3 Rc7 22. Reb1 Nd8 23. Bc4 e6 24. d5 e5 25. Qa5 Nf6 26. Bd3 Rcc8 27. Nd2 Qd7 28. Nc4 Ra7 29. Rb8 Nb7 1-0

[Event "EYCC Girls-U18 2019"]
[Site "Bratislava"]
[Date "2019.08.04"]
[Round "3.14"]
[White "Sargsyan, Anna M."]
[Black "Belluire, Beatrice"]
[Result "1-0"]
[ECO "A46"]
[WhiteElo "2229"]
[BlackElo "1929"]
[Annotator "NA"]
[PlyCount "63"]
[EventDate "2019.08.02"]
[EventType "swiss"]
[EventCountry "SVK"]
[SourceTitle "playchess.com"]
[Source "ChessBase"]
[SourceQuality "1"]
[TimeControl "40/5400+30:1800+30"]

1. d4 Nf6 2. Nf3 e6 3. e3 c5 4. c4 cxd4 5. exd4 d5 6. Nc3 b6 7. cxd5 Nxd5 8. Ne5 Bd7 9. Qh5 g6 10. Qf3 Qf6 11. Nxd5 Qxf3 12. Nc7+ Kd8 13. Nxe6+ Bxe6 14. Nxf3 Bb4+ 15. Bd2 Nc6 16. Bb5 Bxd2+ 17. Kxd2 Bd5 18. Bxc6 Bxc6 19. Ne5 Bd5 20. f3 Ke7 21. Rhe1 Kd6 22. b3 f6 23. Ng4 Rhf8 24. Rac1 a5 25. Ne3 a4 26. Nc4+ Bxc4 27. bxc4 Rac8 28. Kd3 Rc6 29. d5 Rcc8 30. Re6+ Kc7 31. Rb1 Rb8 32. Rc6+ 1-0

[Event "EYCC Girls-U18 2019"]
[Site "Bratislava"]
[Date "2019.08.04"]
[Round "3.15"]
[White "Stroganova, Karina"]
[Black "Nestorovic, Katarina"]
[Result "1/2-1/2"]
[ECO "A46"]
[WhiteElo "1875"]
[BlackElo "2179"]
[Annotator "NA"]
[PlyCount "118"]
[EventDate "2019.08.02"]
[EventType "swiss"]
[EventCountry "SVK"]
[SourceTitle "playchess.com"]
[Source "ChessBase"]
[SourceQuality "1"]
[TimeControl "40/5400+30:1800+30"]

1. d4 Nf6 2. Nf3 e6 3. Bf4 c5 4. e3 Nc6 5. c3 d5 6. Bd3 Bd6 7. Bg3 O-O 8. Nbd2 b6 9. Ne5 Bb7 10. f4 Ne7 11. Qf3 Nf5 12. Bf2 Nd7 13. g4 Ne7 14. Qh3 g6 15. Ndf3 f6 16. O-O-O c4 17. Bc2 b5 18. Nxd7 Qxd7 19. f5 exf5 20. gxf5 Bc8 21. Nh4 g5 22. Rhg1 Kh8 23. Nf3 Nxf5 24. Nxg5 fxg5 25. Rxg5 Nxd4 26. Qxd7 Ne2+ 27. Kd2 Bxd7 28. Kxe2 Be7 29. Rgg1 Bf5 30. Bxf5 Rxf5 31. Rdf1 Raf8 32. Rg2 Bh4 33. e4 Rxf2+ 34. Rgxf2 Bxf2 35. Rxf2 Re8 36. Rf5 Rxe4+ 37. Kf3 Re7 38. Rxd5 Rb7 39. Rg5 a6 40. h4 Rb6 41. h5 Rf6+ 42. Ke3 Re6+ 43. Kd4 Re2 44. b3 Rxa2 45. bxc4 Ra4 46. Rc5 Kg7 47. Kd5 bxc4 48. Rc6 Ra5+ 49. Kxc4 Rxh5 50. Rxa6 Kf7 51. Kb4 Ke7 52. c4 Kd7 53. c5 Rg5 54. Kb5 Rg6 55. Ra7+ Kc8 56. Rxh7 Rf6 57. c6 Rf1 58. Rh5 Rb1+ 59. Kc5 Kc7 1/2-1/2

[Event "EYCC Girls-U18 2019"]
[Site "Bratislava"]
[Date "2019.08.04"]
[Round "3.16"]
[White "Ziegenfuss, Antonia"]
[Black "Poliakova, Varvara"]
[Result "1-0"]
[ECO "A41"]
[WhiteElo "2063"]
[BlackElo "1872"]
[Annotator "NA"]
[PlyCount "55"]
[EventDate "2019.08.02"]
[EventType "swiss"]
[EventCountry "SVK"]
[SourceTitle "playchess.com"]
[Source "ChessBase"]
[SourceQuality "1"]
[TimeControl "40/5400+30:1800+30"]

1. d4 d6 2. c4 e5 3. Nc3 Nc6 4. Nf3 Bg4 5. d5 Nb8 6. e4 g6 7. h3 Bd7 8. Bd3 Bg7 9. O-O Nf6 10. Be3 O-O 11. Qd2 Re8 12. Nh2 Na6 13. Rae1 Nc5 14. Bc2 a5 15. f4 Nh5 16. f5 Kh8 17. Ng4 Bc8 18. Bh6 Nd7 19. Bxg7+ Kxg7 20. Qh6+ Kg8 21. fxg6 fxg6 22. Rf7 Ndf6 23. Nxf6+ Kxf7 24. Nxh5 gxh5 25. Qxh7+ Kf6 26. Rf1+ Kg5 27. Qg7+ Kh4 28. Kh2 1-0